 Dungeon Crawl Stone Soup version 0.28.0-45-g0d030f2227 (webtiles) character file.

Game seed: 5899010764229019970

84 101zpm the Chiller (level 4, -2/32 HPs)
             Began as a Gnoll Ice Elementalist on Apr 21, 2022.
             Slain by an ufetubus (3 damage)
             ... on level 4 of the Dungeon.
             The game lasted 00:05:29 (2487 turns).

101zpm the Chiller (Gnoll Ice Elementalist)         Turns: 2487, Time: 00:05:30

Health: -2/32      AC:  2    Str:  8    XL:     4   Next: 46%
Magic:  0/11       EV: 13    Int: 16    God:
Gold:   67         SH:  0    Dex: 12    Spells: 12/13 levels left

rFire   . . .      SeeInvis .     - Unarmed
rCold   . . .      Faith    .   (no shield)
rNeg    . . .      Spirit   +   a - +0 robe
rPois   .          Reflect  .   (no helmet)
rElec   .          Harm     .   (no cloak)
rCorr   .          Rampage  .   (no gloves)
Will    .....                   (no boots)
Stlth   ++........              i - amulet of guardian spirit
HPRegen 0.10/turn               (no ring)
MPRegen 0.12/turn               (no ring)

@: no status effects
A: fangs 1, strong nose, distributed training
a: no special abilities


You were on level 4 of the Dungeon.
You visited 1 branch of the dungeon, and saw 4 of its levels.

You collected 67 gold pieces.

Inventory:

Armour
 a - a +0 robe (worn)
Magical Staves
 f - a staff of death
Jewellery
 i - an amulet of guardian spirit (around neck)
 k - a ring of willpower
Scrolls
 c - 3 scrolls of summoning {unknown}
 d - 2 scrolls of immolation {unknown}
 e - a scroll of teleportation {unknown}
 h - a scroll of enchant weapon {unknown}
 j - a scroll of noise {unknown}
 l - 3 scrolls of blinking {unknown}
Potions
 b - a potion of attraction {unknown}
 g - a potion of magic {unknown}


   Skills:
 + Level 1.1 Fighting
 + Level 1.1 Short Blades
 + Level 1.1 Long Blades
 + Level 1.1 Axes
 + Level 1.1 Maces & Flails
 + Level 1.1 Polearms
 + Level 1.1 Staves
 + Level 1.1 Slings
 + Level 1.1 Bows
 + Level 1.1 Crossbows
 + Level 1.1 Throwing
 + Level 1.1 Armour
 + Level 4.6 Dodging
 + Level 4.2 Stealth
 + Level 1.1 Shields
 + Level 1.1 Unarmed Combat
 + Level 5.1 Spellcasting
 + Level 0.9 Conjurations
 + Level 0.9 Hexes
 + Level 0.9 Summonings
 + Level 0.9 Necromancy
 + Level 0.9 Translocations
 + Level 0.9 Transmutations
 + Level 0.9 Fire Magic
 + Level 7.1 Ice Magic
 + Level 0.9 Air Magic
 + Level 0.9 Earth Magic
 + Level 0.9 Poison Magic
 + Level 1.2 Invocations
 + Level 1.1 Evocations


You had 12 spell levels left.
You knew the following spells:

 Your Spells              Type           Power      Damage    Failure   Level
a - Freeze                Ice            100%       1d11      1%          1

Your spell library contained the following spells:

 Spells                   Type           Power      Damage    Failure   Level
 Frozen Ramparts          Ice            52%        1d7       2%          3
 Ozocubu's Armour         Ice            26%        N/A       2%          3
 Hailstorm                Conj/Ice       17%        3d6       28%         4


Dungeon Overview and Level Annotations

Branches:
Dungeon (4/15)
 Temple: D:4-7

Altars:


Innate Abilities, Weirdness & Mutations

You have very sharp teeth.
Your uncanny sense of smell can sniff out nearby items.
Your experience applies equally to all skills.


Message History

Found a leather armour.
There is a stone staircase leading up here.
The ufetubus shouts!
An orc wizard comes into view. It is wielding a +0 dagger.
An orc wizard comes into view. It is wielding a +0 dagger.
The orc wizard points at you and mumbles some strange words.
You resist with some effort. The ufetubus closely misses you.
The ufetubus barely misses you.
The orc wizard shouts!
You hear a shout!
An orc comes into view. It is wielding a +0 club.
The orc wizard gestures wildly while chanting.
The orc wizard flickers and vanishes!
Deactivating autopickup; reactivate with Ctrl-A.
An orc comes into view. It is wielding a +0 dagger.
The ufetubus closely misses you. The ufetubus hits you.
* * * LOW HITPOINT WARNING * * *
The orc wizard casts a spell.
The orc wizard flickers and vanishes!
The ufetubus hits you.
* * * LOW HITPOINT WARNING * * *
The ufetubus barely misses you.
Found 16 gold pieces.
The ufetubus misses you.
The ufetubus hits you but does no damage.
The ufetubus hits you.
* * * LOW HITPOINT WARNING * * *
The ufetubus barely misses you. The ufetubus closely misses you.
The ufetubus hits you.
* * * LOW HITPOINT WARNING * * *
Found a scroll labelled VEOMOURENN.
The ufetubus barely misses you.
The ufetubus hits you but does no damage.
You see here 16 gold pieces.
The ufetubus hits you.
* * * LOW HITPOINT WARNING * * *
The ufetubus hits you.
* * * LOW HITPOINT WARNING * * *
The ufetubus misses you. The ufetubus hits you.
The ufetubus closely misses you. x2
The ufetubus hits you.
You die...

...{.g...# ......##.#
..o...##o# o.....##.#
### ......##.# #..
......##.# #.#
......##g# #.#
......##.# #.#
......##$#######@##.#
......##.o...g.5....#
###w####..######.####
.##.# #..# #.# .<#.#
#... ..# ....# ##..?
... ..........## ###
...........
...######.#


You could see an orc, an ufetubus and a goblin.

Vanquished Creatures
  Robin (D:3)
  2 adders (D:2)
  A worm (D:3)
  A dart slug (D:2)
  5 ball pythons
  2 bats
  An endoplasm (D:2)
  4 giant cockroaches
  8 goblins
  6 hobgoblins
  2 quokkas (D:1)
  4 frilled lizards
  5 kobolds
  6 rats
48 creatures vanquished.

Notes
Turn   | Place    | Note
-------+----------+-------------------------------------------
     0 | D:1      | 101zpm the Gnoll Ice Elementalist began the quest for the
                  | Orb.
     0 | D:1      | Reached XP level 1. HP: 13/13 MP: 6/6
   274 | D:1      | Reached XP level 2. HP: 19/19 MP: 2/7
   327 | D:1      | Found a faded altar of an unknown god.
  1119 | D:2      | Reached XP level 3. HP: 25/25 MP: 7/9
  1148 | D:2      | Reached skill level 5 in Spellcasting
  1345 | D:2      | Reached skill level 1 in Invocations
  1686 | D:2      | Reached skill level 1 in Fighting
  1686 | D:2      | Reached skill level 1 in Short Blades
  1686 | D:2      | Reached skill level 1 in Long Blades
  1686 | D:2      | Reached skill level 1 in Axes
  1686 | D:2      | Reached skill level 1 in Maces & Flails
  1686 | D:2      | Reached skill level 1 in Polearms
  1686 | D:2      | Reached skill level 1 in Staves
  1686 | D:2      | Reached skill level 1 in Slings
  1686 | D:2      | Reached skill level 1 in Bows
  1686 | D:2      | Reached skill level 1 in Crossbows
  1686 | D:2      | Reached skill level 1 in Throwing
  1686 | D:2      | Reached skill level 1 in Armour
  1686 | D:2      | Reached skill level 1 in Shields
  1686 | D:2      | Reached skill level 1 in Unarmed Combat
  1686 | D:2      | Reached skill level 1 in Evocations
  1991 | D:3      | Reached XP level 4. HP: 32/32 MP: 9/11
  2034 | D:3      | Noticed Robin
  2042 | D:3      | Killed Robin
  2097 | D:3      | HP: 1/32 [goblin/+0 club[Robin] (4)]
  2481 | D:4      | HP: 1/32 [ufetubus (3)]
  2487 | D:4      | Slain by an ufetubus

Illustrated notes

Levels and vault maps discovered:
D:1:      dpeg_arrival_renting, layout_basic,
          hellmonk_ecumenical_altar_heavens_door
D:2:      layout_loops_cross, minmay_cut_off
D:3:      layout_rooms, minmay_tree_intersection, uniq_robin
D:4:      layout_basic, guppyfry_shop_venom

Skill      XL: |  1  2  3 |
---------------+----------+-----
Spellcasting   | 5 |  5.1
Invocations    | 1 |  1.2
Fighting       | 1 |  1.1
Short Blades   | 1 |  1.1
Long Blades    | 1 |  1.1
Axes           | 1 |  1.1
Maces & Flails | 1 |  1.1
Polearms       | 1 |  1.1
Staves         | 1 |  1.1
Slings         | 1 |  1.1
Bows           | 1 |  1.1
Crossbows      | 1 |  1.1
Throwing       | 1 |  1.1
Armour         | 1 |  1.1
Shields        | 1 |  1.1
Unarmed Combat | 1 |  1.1
Evocations     | 1 |  1.1
Dodging        | |  4.6
Stealth        | |  4.2
Conjurations   | |  0.9
Hexes          | |  0.9
Summonings     | |  0.9
Necromancy     | |  0.9
Translocations | |  0.9
Transmutations | |  0.9
Fire Magic     | |  0.9
Ice Magic      | |  7.1
Air Magic      | |  0.9
Earth Magic    | |  0.9
Poison Magic   | |  0.9

Action                   |  1- 3 |  4- 6 || total
-------------------------+-------+-------++-------
Melee: Unarmed           |     3 |    24 ||    27
       Bite              |       |     4 ||     4
 Cast: Freeze            |    46 |    23 ||    69
 Stab: Sleeping          |     2 |       ||     2
Armor: Robe              |     5 |     6 ||    11
Dodge: Dodged            |    26 |    33 ||    59
